 Dungeon Crawl Stone Soup version 0.29-a0-878-g7b45a56547 (webtiles) character file.

Game seed: 5536980530973333880

48 zeratav the Slasher (level 3, -2/46 HPs)
             Began as a Minotaur Berserker on July 20, 2022.
             Was a Believer of Trog.
             Slain by a hobgoblin (3 damage)
             ... while paralysed by Grinder
             ... on level 3 of the Dungeon.
             The game lasted 00:02:10 (1963 turns).

zeratav the Slasher (Minotaur Berserker)            Turns: 1963, Time: 00:02:10

Health: -2/46      AC:  3    Str: 21    XL:     3   Next: 50%
Magic:  2/2        EV:  2    Int:  4    God:    Trog [**....]
Gold:   45         SH:  0    Dex: 11    Spells: 2/2 levels left

rFire   . . .      SeeInvis .   a - +0 falchion {long}
rCold   . . .      Faith    .   (no shield)
rNeg    . . .      Spirit   .   b - +0 animal skin
rPois   .          Reflect  .   (helmet restricted)
rElec   .          Harm     .   (no cloak)
rCorr   .          Rampage  .   (no gloves)
Will    .....                   c - +0 pair of boots
Stlth   ..........              (no amulet)
HPRegen 0.15/turn               (no ring)
MPRegen 0.08/turn               (no ring)

@: paralysed, berserking
A: horns 2, retaliatory headbutt
a: Renounce Religion, Berserk, Trog's Hand


You were on level 3 of the Dungeon.
You worshipped Trog.
Trog was pleased with you.
You visited 1 branch of the dungeon, and saw 3 of its levels.

You collected 45 gold pieces.


Innate Abilities, Weirdness & Mutations

You have a pair of horns on your head.
You reflexively headbutt those who attack you in melee.


   Skills:
 - Level 3.6 Fighting
 + Level 5.5 Long Blades
 - Level 2.4 Armour
 - Level 2.1 Dodging


You had 2 spell levels left.
You didn't know any spells.
Your spell library contained the following spells:

 Spells                   Type           Power      Damage    Failure   Level
 Beastly Appendage        Tmut           0%         N/A       50%         1
 Wereblood                Tmut           0%         N/A       65%         2
 Spider Form              Tmut/Pois      0%         N/A       86%         3

Inventory:

Hand Weapons
 a - a +0 falchion (weapon) {long}
Armour
 b - a +0 animal skin (worn)
 c - a +0 pair of boots (worn)
   (You found it on level 1 of the Dungeon)
Scrolls
 d - a scroll of teleportation {unknown}
 e - a scroll of immolation {unknown}
 g - a scroll of acquirement {unknown}
 h - 2 scrolls of blinking {unknown}
 j - a scroll of identify {unknown}
 n - a scroll of noise {unknown}
 o - a scroll of fog {unknown}
 p - a scroll of enchant weapon {unknown}
Potions
 f - a potion of resistance {unknown}
 i - a potion of attraction {unknown}
 k - a potion of degeneration {unknown}
 l - a potion of experience {unknown}
 m - a potion of heal wounds {unknown}

Dungeon Overview and Level Annotations

Branches:
Dungeon (3/15) Zot: 16026

Altars:

Annotations:
D:3 Grinder

# ......#...
#.#.........
#.#.........
####.#.........
............... #
#...<.......
...######.......##
................#
......†@...##...#
#.....5g...# ...#
#..........# ..#
...........# .#
...........# ##
...........#
#.$........#
#..........#


You could see Grinder and a hobgoblin.


Message History

Done exploring.
Done exploring.
(D) Dungeon
Where to? (Enter - D:2, ? - help)
There is a stone staircase leading down here.
You climb downwards.
There is a stone staircase leading up here.
A quokka is nearby!
A quokka is nearby!
Grinder and a ball python come into view.
Grinder shouts!
Grinder blinks!
A hobgoblin comes into view.
The hobgoblin shouts!
The ball python hisses angrily.
Grinder says, "Wait up."
Your skin crawls.
You feel strong-willed. The quokka closely misses you. You furiously retaliate!
You headbutt the quokka. You slash the quokka!
You kill the quokka!
Trog accepts your kill.
The ball python bites you but does no damage.
The ball python grabs you. The ball python constricts you.
The ball python bites you but does no damage.
The ball python constricts you. Grinder gestures at you.
You resist with almost no effort.
HP[-1]
You take 1 damage, and now have 30/31 hp.
You hit the ball python.
The ball python bites you but does no damage.
The ball python constricts you. Grinder gestures at you.
You resist with almost no effort.
You hit the ball python but do no damage.
The ball python bites you but does no damage.
The ball python constricts you. The hobgoblin barely misses you.
HP[+1]
Your hp is fully restored (31).
You barely miss the ball python. You headbutt the ball python.
You kill the ball python!
Trog accepts your kill.
You feel the effects of Trog's Hand fading.
Grinder hits you.
You writhe in agony.
The hobgoblin hits you.
HP[-10]
You take 10 damage, and now have 21/31 hp.
MASSIVE DAMAGE!! (PAUSE)
You hit Grinder. Grinder gestures at you. You resist with almost no effort.
The hobgoblin hits you but does no damage.
HP[+2]
You regained 2 hp, and now have 23/31 hp.
You hit Grinder. Grinder hits you.
You writhe in agony.
The hobgoblin hits you.
* * * LOW HITPOINT WARNING * * *
HP[-9]
You take 9 damage, and now have 14/31 hp.
MASSIVE DAMAGE!! (PAUSE)
You are too injured to fight recklessly!
You are too injured to fight recklessly!
You are too injured to fight recklessly!
A red film seems to cover your vision as you go berserk!
You feel yourself moving faster!
You feel mighty! Grinder barely misses you. The hobgoblin hits you.
* * * LOW HITPOINT WARNING * * *
HP[+7]
You now have 46 max hp (+15).
You regained 7 hp, and now have 21/46 hp.
You hit Grinder but do no damage. You closely miss Grinder.
Grinder gestures at you. You resist with almost no effort.
The hobgoblin closely misses you.
HP[+1]
You hit Grinder.
Your skin stops crawling.
You feel less strong-willed. Grinder hits you.
* * * LOW HITPOINT WARNING * * *
The hobgoblin closely misses you.
HP[-3]
You take 3 damage, and now have 19/46 hp.
You hit Grinder. You barely miss Grinder. Grinder hits you.
* * * LOW HITPOINT WARNING * * *
The hobgoblin hits you.
* * * LOW HITPOINT WARNING * * *
HP[-9]
You take 9 damage, and now have 10/46 hp.
You barely miss Grinder. The hobgoblin misses you. Grinder closely misses you.
HP[+1]
You hit Grinder. Grinder gestures at you.
You suddenly lose the ability to move!
The hobgoblin hits you.
* * * LOW HITPOINT WARNING * * *
Grinder hits you.
* * * LOW HITPOINT WARNING * * *
You writhe in agony.
* * * LOW HITPOINT WARNING * * *
The hobgoblin hits you.
You die...

Skill      XL: |  1  2 |
---------------+-------+-----
Long Blades    | 4 5 |  5.5
Fighting       | |  3.6
Armour         | |  2.4
Dodging        | |  2.1

Action                   || total
-------------------------++-------
Melee: Falchion          ||    79
       Headbutt          ||     9
Invok: Berserk           ||     2
       Trog's Hand       ||     1
Armor: Animal skin       ||    21
Dodge: Dodged            ||    45

Levels and vault maps discovered:
D:1:      saegor_arrival_simple_a, layout_basic, basic_ecumenical_altar
D:2:      layout_rooms
D:3:      layout_basic, uniq_jessica, uniq_natasha, uniq_grinder

Notes
Turn   | Place    | Note
-------+----------+-------------------------------------------
     0 | D:1      | zeratav the Minotaur Berserker began the quest for the Orb.
     0 | D:1      | Reached XP level 1. HP: 19/19 MP: 0/0
     0 | D:1      | magus.rc [v1.9.6]
     8 | D:1      | You pick up a book of Changes {forbidden} and begin
                  | reading...
     8 | D:1      | You add the spells Beastly Appendage, Wereblood and Spider
                  | Form to your library.
   112 | D:1      | Reached skill level 4 in Long Blades
   327 | D:1      | Reached XP level 2. HP: 26/26 MP: 1/1
   907 | D:1      | Found a faded altar of an unknown god.
  1075 | D:2      | Reached skill level 5 in Long Blades
  1077 | D:2      | Reached XP level 3. HP: 13/31 MP: 2/2
  1475 | D:2      | Reached ** piety under Trog
  1945 | D:3      | Noticed Grinder
  1960 | D:3      | HP: 10/46 [hobgoblin (4)]
  1962 | D:3      | Paralysed by Grinder for 5 turns
  1963 | D:3      | HP: 3/46 [Grinder (4)]
  1963 | D:3      | HP: 1/46 [Grinder (2)]
  1963 | D:3      | Slain by a hobgoblin

Vanquished Creatures
  2 adders (D:2)
  3 endoplasms
  3 giant cockroaches
  3 goblins
  3 hobgoblins
  2 kobolds
  2 quokkas
  2 ball pythons
  6 bats
  3 rats
29 creatures vanquished.

Table legend:
 A = Non-vault XP
 B = Vault XP
 C = Vault XP percentage of total XP
 D = Non-vault monster count
 E = Vault monster count
 F = Vault count percentage of total count
                 A         B        C        D         E       F
            +---------+---------+-------+---------+---------+-------
      Total |      69 |       0 |   0.0 |      29 |       0 |   0.0
            +---------+---------+-------+---------+---------+-------
        D:1 |      24 |       0 |   0.0 |      14 |       0 |   0.0
        D:2 |      42 |       0 |   0.0 |      13 |       0 |   0.0
        D:3 |       3 |       0 |   0.0 |       2 |       0 |   0.0
            +---------+---------+-------+---------+---------+-------

Illustrated notes

Table legend:
 A = Kills in this place as a percentage of kills in entire the game.
 B = Kills by you in this place as a percentage of kills by you in the entire game.
 C = Kills by friends in this place as a percentage of kills by friends in the entire game.
 D = Other kills in this place as a percentage of other kills in the entire game.
 E = Experience gained in this place as a percentage of experience gained in the entire game.
 F = Experience gained in this place divided by the number of levels of this place that you have seen.
                   A       B       C       D       E      F
               +-------+-------+-------+-------+-------+----------------------
         Total | 100.0 | 100.0 |   N/A |   N/A | 100.0 |  23.0
       Dungeon | 100.0 | 100.0 |   N/A |   N/A | 100.0 |  23.0
               +-------+-------+-------+-------+-------+----------------------

Table legend: (Time is in decaauts)
 A = Elapsed time spent in this place.
 B = Non-inter-level travel time spent in this place.
 C = Inter-level travel time spent in this place.
 D = Time resting spent in this place.
 E = Time spent auto-exploring this place.
 F = Levels seen in this place.
 G = Mean time per level.
                   A        B        C        D        E       F      G
               +--------+--------+--------+--------+--------+-----+--------+
         Total |   1972 |   1894 |     78 |    164 |   1558 |   3 |  657.3 |
       Dungeon |   1972 |   1894 |     78 |    164 |   1558 |   3 |  657.3 |
               +--------+--------+--------+--------+--------+-----+--------+

Top non-repeatable levels by time:
     D:1: 1037 daAuts
     D:2: 918 daAuts
     D:3: 16 daAuts
